 Dungeon Crawl Stone Soup version 0.30-a0-458-g86641cc369 (webtiles) character file.

Game seed: 10945187739320807754

47 ders the Trooper (level 3, -3/34 HPs)
             Began as a Minotaur Fighter on Dec 14, 2022.
             Slain by an orc
             ... wielding a +0 short sword
              (4 damage)
             ... on level 2 of the Dungeon.
             The game lasted 00:01:04 (856 turns).

ders the Trooper (Minotaur Fighter)                  Turns: 856, Time: 00:01:05

Health: -3/34      AC:  7    Str: 22    XL:     3   Next: 48%
Magic:  2/2        EV:  9    Int:  5    God:
Gold:   32         SH:  4    Dex:  9    Spells: 2/2 levels left

rFire   . . .      SeeInvis .    a - +0 war axe
rCold   . . .      Faith    .    c - +0 buckler
rNeg    . . .      Spirit   .    b - +0 scale mail
rPois   .          Reflect  .    (helmet restricted)
rElec   .          Harm     .    (no cloak)
rCorr   .          Rampage  .    (no gloves)
Will    .....                    (no boots)
Stlth   ..........               (no amulet)
HPRegen 0.25/turn                (no ring)
MPRegen 0.08/turn                (no ring)

@: no status effects
A: horns 2, retaliatory headbutt
a: no special abilities


You were on level 2 of the Dungeon.
You visited 1 branch of the dungeon, and saw 2 of its levels.

You collected 32 gold pieces.

Inventory:

Hand Weapons
 a - a +0 war axe (weapon)
Armour
 b - a +0 scale mail (worn)
 c - a +0 buckler (worn)
Scrolls
 e - 2 scrolls of immolation {unknown}
 f - 4 scrolls of identify {unknown}
 j - a scroll of fog {unknown}
Potions
 d - a potion of might
 g - a potion of brilliance {unknown}
 h - a potion of flight {unknown}
 i - a potion of magic {unknown}


   Skills:
 * Level 4.3 Fighting
 * Level 3.4 Axes
 + Level 3.9 Armour
 + Level 3.9 Shields


You had 2 spell levels left.
You didn't know any spells.
Your spell library was empty.

Dungeon Overview and Level Annotations

Branches:
Dungeon (2/15)

Altars:

Shops:
D:1 =


Innate Abilities, Weirdness & Mutations

You have a pair of horns on your head.
You reflexively headbutt those who attack you in melee.


Message History

Found a stone staircase leading up.
The frilled lizard bites you.
You closely miss the frilled lizard. You block the frilled lizard's attack.
You barely miss the frilled lizard.
Your headbutt misses the frilled lizard.
You block the frilled lizard's attack.
The frilled lizard bites you but does no damage.
You closely miss the frilled lizard. You block the frilled lizard's attack.
You completely miss the frilled lizard. The frilled lizard bites you.
You hit the frilled lizard but do no damage.
The frilled lizard bites you but does no damage. x2
You hit the orc but do no damage. Your headbutt misses the orc.
You barely miss the frilled lizard.
The frilled lizard bites you but does no damage.
You barely miss the orc. You slash the frilled lizard!
You kill the frilled lizard!
The orc priest invokes the aid of Beogh against you.
Beogh smites you! The orc hits you but does no damage.
The orc hits you with a +0 short sword.
There are monsters nearby!
There are monsters nearby!
You hit the orc priest but do no damage.
You barely miss the orc.
The orc priest mumbles some strange prayers to Beogh against you.
Pain shoots through your body! The orc hits you with a +0 short sword.
You hit the orc priest.
The orc priest is lightly wounded.
You hit the orc.
A ball python comes into view.
The orc priest hits you with a +0 short sword.
You block the orc's attack.
You barely miss the orc priest. Your headbutt misses the orc priest.
The orc priest is lightly wounded.
You barely miss the orc. You block the orc priest's attack.
The orc hits you but does no damage.
The orc priest mumbles some strange prayers to Beogh against you.
Pain shoots through your body!
* * * LOW HITPOINT WARNING * * *
The orc hits you with a +0 short sword.
You die...

###.###oo$###†...#.##
#..##.o...##..#.#.#
#...#....o..#......#
#.#.#.8...8o#.##.#.#
#.#.#.......#.##.#.#
#.#.#.......#.##...#
# #.# #....### #.#
#.##o####.#
#..o@.....#
..S..##..<.### ....
......... ..#
##.##.#### . #.# .#
#.# # #.# #.#


You could see an orc priest, an orc and a ball python.

Vanquished Creatures
  3 worms (D:2)
  2 dart slugs (D:1)
  5 ball pythons (D:1)
  5 endoplasms
  A giant cockroach (D:1)
  2 goblins (D:1)
  2 hobgoblins
  A quokka (D:1)
  2 bats
  5 frilled lizards
  3 kobolds (D:1)
  5 rats (D:1)
36 creatures vanquished.

Notes
Turn   | Place    | Note
-------+----------+-------------------------------------------
     0 | D:1      | ders the Minotaur Fighter began the quest for the Orb.
     0 | D:1      | Reached XP level 1. HP: 19/19 MP: 0/0
   126 | D:1      | Reached XP level 2. HP: 22/27 MP: 1/1
   244 | D:1      | Reached skill level 4 in Fighting
   355 | D:1      | Reached XP level 3. HP: 33/33 MP: 2/2
   530 | D:1      | Found Owkyac's Jewellery Shoppe.
   856 | D:2      | HP: 1/34 [orc priest/nerve-wracking pain (13)]
   856 | D:2      | Slain by an orc

Illustrated notes

Levels and vault maps discovered:
D:1:      minmay_arrival_semitransparent, layout_loops_ring, serial_shops, shop
D:2:      cheibrodos_pilgrimage, layout_loops_ring, minmay_three_crescents,
          uniq_sigmund

Skill      XL: |  1  2 |
---------------+-------+-----
Fighting       | 4 |  4.3
Axes           | 3 |  3.4
Armour         | |  3.9
Shields        | |  3.9

Action                   || total
-------------------------++-------
Melee: War axe           ||    77
       Headbutt          ||     9
Armor: Scale mail        ||    24
Dodge: Dodged            ||    22
Block: Buckler           ||    21

Table legend: (Time is in decaauts)
 A = Elapsed time spent in this place.
 B = Non-inter-level travel time spent in this place.
 C = Inter-level travel time spent in this place.
 D = Time resting spent in this place.
 E = Time spent auto-exploring this place.
 F = Levels seen in this place.
 G = Mean time per level.
                   A        B        C        D        E       F      G
               +--------+--------+--------+--------+--------+-----+--------+
         Total |    885 |    799 |     86 |      0 |    602 |   2 |  442.5 |
       Dungeon |    885 |    799 |     86 |      0 |    602 |   2 |  442.5 |
               +--------+--------+--------+--------+--------+-----+--------+

Top non-repeatable levels by time:
     D:1: 757 daAuts
     D:2: 128 daAuts
